 Dungeon Crawl Stone Soup version 0.31.0-32-g396128a36d (webtiles) character file.

Game seed: 1180759406452474402

110277 PaiMei the Warrior (level 16, -4/114 HPs)
             Began as a Gargoyle Earth Elementalist on Mar 11, 2024.
             Was a High Priest of Vehumet.
             Slain by a thrashing horror (10 damage)
             ... on level 4 of the Abyss.
             The game lasted 01:08:50 (43400 turns).

PaiMei the Warrior (Gargoyle Earth Elementalist)   Turns: 43400, Time: 01:08:50

Health: -4/114     AC: 27    Str: 13    XL:     16   Next: 54%
Magic:  34/34      EV: 16    Int: 33    God:    Vehumet [*****.]
Gold:   991        SH:  0    Dex: 10    Spells: 23/43 levels left

rFire   . . .        y - +9 hand axe of Domination {protect, Int+4}
rCold   . . .        (no shield)
rNeg    + . .        R - +0 troll leather armour
rPois   ∞            N - +2 helmet
rElec   +            j - +2 cloak
rCorr   .            (no gloves)
SInv    .            M - +2 pair of boots
Will    +....        (no amulet)
Stlth   +            f - +6 ring of intelligence
HPRegen 1.19/turn    Q - +5 ring of evasion
MPRegen 0.24/turn

%: no passive effects
@: confused, flying
A: sickness immunity, AC +12, big wings, negative energy resistance 1,
electricity resistance, torment resistance 1, petrification resistance
a: Renounce Religion


You were on level 4 of the Abyss.
You worshipped Vehumet.
Vehumet was extremely pleased with you.
You visited 5 branches of the dungeon, and saw 25 of its levels.
You visited the Abyss 1 time.

You collected 1918 gold pieces.
You spent 927 gold pieces at shops.

Inventory:

Hand Weapons
 a - a +2 shortbow of freezing
 w - the +7 rapier "Dokerras" {flame, ^Contam Will++ rCorr Str+3}
   (You found it on level 1 of the Elven Halls)

   Str+3:     It affects your strength (+3).
   Will++:    It greatly increases your willpower.
   ^Contam:   It causes magical contamination when unequipped.
   rCorr:     It protects you from acid and corrosion.
 y - the +9 hand axe of Domination (weapon) {protect, Int+4}
   (You bought it in a shop on level 4 of the Dungeon)

   Int+4:     It affects your intelligence (+4).
 J - a +4 battleaxe
 W - the +8 whip "Snakebite" {venom, curare, rPois}
   (You found it on level 3 of the Lair of Beasts)

   rPois:     It protects you from poison
Missiles
 d - 185 stones
 s - 3 throwing nets
 E - 80 poisoned darts
 L - 5 curare-tipped darts (quivered)
Armour
 j - a +2 cloak (worn)
 M - a +2 pair of boots (worn)
 N - a +2 helmet (worn)
 R - a +0 troll leather armour (worn)
Jewellery
 f - a +6 ring of intelligence (left hand)
 D - a ring of magical power
 H - an amulet of faith
 O - a ring of protection from cold
 Q - a +5 ring of evasion (right hand)
 X - a +6 ring of intelligence
Wands
 g - a wand of digging (11)
 i - a wand of flame (46)
 v - a wand of polymorph (21)
 A - a wand of charming (2)
 I - a wand of mindburst (6)
 K - a wand of light (13)
 S - a wand of iceblast (17)
Scrolls
 c - 8 scrolls of vulnerability
 h - 2 scrolls of blinking
 m - 3 scrolls of poison
 t - a scroll of enchant weapon
 u - a scroll of brand weapon
 x - 2 scrolls of fog
 z - 3 scrolls of immolation
 C - a scroll of torment
 G - 2 scrolls of fear
 P - 6 scrolls of teleportation
 T - 2 scrolls of silence
 U - 2 scrolls of amnesia
 V - 2 scrolls of enchant armour
 Y - a scroll of summoning
Potions
 b - 5 potions of magic
 e - 2 potions of lignification
 k - 12 potions of curing
 l - a potion of cancellation {unknown}
 n - 2 potions of attraction
 o - 3 potions of haste
 p - 3 potions of might
 q - 5 potions of invisibility
 B - 2 potions of enlightenment {unknown}
 F - a potion of ambrosia {unknown}


   Skills:
 - Level 18.0 Fighting
 + Level 7.3 Axes
 - Level 12.0 Armour
 - Level 1.8 Dodging
 - Level 2.6 Stealth
 + Level 14.2 Spellcasting
 + Level 7.0 Conjurations
 - Level 13.6 Earth Magic
 + Level 10.0 Evocations


You had 23 spell levels left.
You knew the following spells:

 Your Spells              Type           Power      Damage    Failure   Level
a - Sandblast             Erth           100%       2d20      0%          1
b - Stone Arrow           Conj/Erth      100%       3d13      1%          3
c - Brom's Barrelling Bo  Conj/Erth      75%        2d9       1%          4
d - Passwall              Erth           85%        N/A       1%          3
e - Petrify               Alch/Erth      62%        N/A       1%          4
f - Lee's Rapid Deconstr  Erth           42%        3d21*     1%          5

Your spell library contained the following spells:

 Spells                   Type           Power      Damage    Failure   Level
 Iskenderun's Battlesphe  Conj           63%        2d11      1%          5
 Magic Dart               Conj           100%       1d8       1%          1
 Sting                    Conj/Alch      100%       1d9       1%          1
 Mercury Vapours          Alch/Air       46%        N/A       1%          2
 Momentum Strike          Conj/Tloc      92%        3d10      1%          2
 Searing Ray              Conj           100%       2d8       1%          2
 Fulminant Prism          Conj/Alch      23%        3d12      1%          4
 Apportation              Tloc           46%        N/A       2%          1
 Summon Small Mammal      Summ           92%        N/A       2%          1
 Blink                    Tloc           46%        N/A       3%          2
 Ensorcelled Hibernation  Hex/Ice        46%        N/A       3%          2
 Jinxbite                 Hex            46%        N/A       3%          2
 Lesser Beckoning         Tloc           46%        N/A       3%          2
 Arcjolt                  Conj/Air       23%        1d33      4%          5
 Olgreb's Toxic Radiance  Alch           23%        N/A       6%          4
 Call Canine Familiar     Summ           23%        N/A       7%          3
 Sigil of Binding         Hex            23%        N/A       7%          3
 Swiftness                Air            23%        N/A       7%          3
 Dimensional Bullseye     Hex/Tloc       11%        N/A       22%         4
 Dispel Undead            Necr           23%        3d12      22%         4
 Martyr's Knell           Necr/Summ      23%        N/A       22%         4
 Summon Blazeheart Golem  Fire/Summ      23%        N/A       22%         4
 Vhi's Electric Charge    Tloc/Air       46%        N/A       22%         4
 Orb of Destruction       Conj           31%        9d10      26%         7
 Alistair's Intoxication  Alch           15%        N/A       52%         5
 Plasma Beam              Fire/Air       11%        2x1d22    61%         6
 Spellforged Servitor     Conj/Summ      23%        N/A       69%         7
 Death Channel            Necr           11%        N/A       98%         6
 Haunt                    Necr/Summ      11%        N/A       100%        7
 Monstrous Menagerie      Summ           11%        N/A       100%        7
 Borgnjor's Revivificati  Necr           11%        N/A       100%        8
 Death's Door             Necr           11%        N/A       100%        9
 Dragon's Call            Summ           11%        N/A       100%        9
 Cigotuvi's Dreadful Rot  Necr/Alch/Air  Unusable   N/A       N/A         2

Dungeon Overview and Level Annotations

Branches:
Dungeon (15/15)            Temple (1/1) D:6            Lair (5/5) D:9
 Shoals (0/4) Lair:2        Snake (0/4) Lair:2        Slime (0/5) Lair:4
    Orc (2/2) D:10            Elf (2/3) Orc:2        Vaults (0/5) D:14
 Depths (0/4) D:15

Altars:
Ashenzari
Cheibriados
Dithmenos
Elyvilon
Fedhas
Gozag
Hepliaklqana
Kikubaaqudgha
Makhleb
Nemelex Xobeh
Okawaru
Qazlal
Ru
Sif Muna
Trog
Uskayaw
Vehumet
Wu Jian
Xom
Yredelemnul
Zin
The Shining One

Shops:
D:4 (   D:8 [   Orc:1 (   Orc:2 !=(?   Elf:1 ?

Portals:
Trove: D:10 (give 4 scrolls of fear)
Desolation: Elf:2

Annotations:
D:4 2 runed translucent doors, Lemonizer's ghost, weakling HuNe
Elf:1 Louise


Innate Abilities, Weirdness & Mutations

You are immune to sickness and miasma.
Your stone body is resilient. (AC +12)
You are immune to poison.
Your large and strong wings let you fly.
You resist negative energy. (rN+)
You are resistant to electric shocks. (rElec)
You are resistant to unholy torment.
You are immune to petrification.


Message History

The thrashing horror misses you.
You feel better. The golden eye blinks at you. You resist with some effort.
The tentacled starspawn bites you but does no damage.
The tentacled starspawn tentacle-slaps you but does no damage.
The laughing skull completely misses you.
The thrashing horror completely misses you.
The thrashing horror tramples you but does no damage.
The golden eye blinks at you.
You easily resist.
Blink to where?
Press: ? - help, Dir - move target
As you read the scroll of blinking, it crumbles to dust.
The thrashing horror tramples you.
* * * LOW HITPOINT WARNING * * *
You are shoved backwards!
The bone dragon barely misses you. The bone dragon claws you.
* * * LOW HITPOINT WARNING * * *
The bone dragon tramples you but does no damage.
The thrashing horror tramples you but does no damage.
The thrashing horror closely misses you.
The thrashing horror tramples you but does no damage. x2
The thrashing horror barely misses you. The thrashing horror tramples you.
* * * LOW HITPOINT WARNING * * *
You are shoved backwards!
The golden eye blinks at you.
You are confused.
The smoke demon gestures at you. Something smites you!
* * * LOW HITPOINT WARNING * * *
The thrashing horror tramples you but does no damage.
The thrashing horror barely misses you. x2; The thrashing horror misses you.
The golden eye blinks at you.
You are more confused.
The large abomination hits you but does no damage.
The thrashing horror closely misses you.
The thrashing horror tramples you but does no damage.
The thrashing horror tramples you!
You die...

##..... ###...#.#
# #..#.#.... ..
...#....###
#.#....#§...#####
......#.#.....#
#.##3X..###.##
##...Z#XX.....#
#....XD#@.#....#
#.X#.G##...⌠⌠...
#.z##..#...#####
#§#..∩..#..#
#.X#..#.#..#
##.#.###...# #.
### ##.# .. ##
....


You could see a sun demon, 2 thrashing horrors and a large abomination.

Vanquished Creatures
  A deep elf demonologist (Elf:1)
  An ettin (Orc:1)
  A great orb of eyes (D:15)
  3 hydras
  5 ogre magi
  11 two-headed ogres
  A catoblepas (Lair:2)
  A centaur warrior (D:15)
  7 dancing weapons
  6 death yaks
  3 boulder beetles
  3 tengu warriors
  5 deep elf knights (Elf:1)
  A skyshark (Lair:2)
  A goliath frog (Lair:5)
  A glowing orange brain (shapeshifter) (D:15)
  3 deep elf archers (Elf:1)
  5 deep elf zephyrmancers (Elf:1)
  9 deep elf pyromancers
  A wolf spider (D:15)
  2 orc knights
  9 orc sorcerers
  2 wolf spider zombies (D:12)
  13 ugly things
  A kobold blastminer (Orc:1)
  4 centaur zombies (D:12)
  9 elephants
  3 cyclopes
  3 meliai (D:15)
  2 manticores
  A merfolk siren (Lair:2)
  6 black mambas
  2 torpor snails
  26 cane toads
  2 gargoyles
  5 komodo dragons
  An unseen horror (D:13)
  9 rime drakes
  4 freezing wraiths
  An efreet (D:14)
  7 trolls
  2 polar bears
  5 dream sheep (Lair:5)
  2 merfolk (Lair:2)
  2 raiju (Abyss:3)
  4 hornets
  4 tyrant leeches (Lair:5)
  A meliai zombie (D:12)
  21 slime creatures
  33 blink frogs
  An air elemental (Elf:1)
  4 wraiths
  4 shadows
  A fire elemental (Elf:1)
  49 yaks
  2 vampires
  2 basilisks
  10 wyverns
  A warg (D:10)
  A steam dragon (Lair:2)
  9 vampire mosquitoes
  A naga (Lair:2)
  3 acid dragons
  20 water moccasins
  8 orc warriors
  3 black bears
  A sky beast (D:7)
  15 ogres
  15 wolves
  3 centaurs
  A phantom (D:5)
  5 kobold brigands
  16 bullfrogs
  Blork the orc (D:4)
  A gnoll sergeant (D:8)
  3 scorpions
  12 wights
  8 killer bees
  5 electric eels
  8 howler monkeys
  3 bombardier beetles
  11 orc priests
  3 jellies
  A sleepcap (D:6)
  Crazy Yiuf (D:7)
  3 gnoll boudas
  7 hounds
  Ijyb (D:3)
  Terence (D:3)
  8 hell rats (Lair:5)
  Natasha (thrice) (D:4)
  3 iguanas
  34 orc wizards
  10 adders
  21 gnolls
  A shadow imp (D:6)
  2 white imps (D:8)
  4 dart slugs
  3 ribbon worms
  54 orcs
  6 bats
  6 endoplasms
  2 giant cockroaches
  17 goblins
  8 hobgoblins
  9 jackals
  5 quokkas
  5 ball pythons
  3 frilled lizards
  20 kobolds
  3 rats
726 creatures vanquished.

Vanquished Creatures (collateral kills)
  6 boulders
6 creatures vanquished.

Vanquished Creatures (others)
  An air elemental (Elf:1)
  A bullfrog (Lair:2)
  An orc wizard (Orc:2)
  An orc (Orc:2)
  15 boulders
  5 starspawn tentacles
24 creatures vanquished.

Grand Total: 756 creatures vanquished

Notes
Turn   | Place    | Note
-------+----------+-------------------------------------------
     0 | D:1      | PaiMei the Gargoyle Earth Elementalist began the quest for
                  | the Orb.
     0 | D:1      | Reached XP level 1. HP: 10/10 MP: 3/3
   161 | D:1      | Reached XP level 2. HP: 10/15 MP: 5/5
   361 | D:1      | Found a faded altar of an unknown god.
   376 | D:1      | Reached XP level 3. HP: 14/19 MP: 6/6
  1083 | D:2      | Reached skill level 1 in Fighting
  1106 | D:2      | Reached XP level 4. HP: 25/25 MP: 7/7
  1266 | D:2      | Reached skill level 1 in Armour
  1654 | D:3      | Noticed Terence
  1666 | D:3      | Killed Terence
  1667 | D:3      | Reached XP level 5. HP: 21/30 MP: 9/9
  1735 | D:3      | Reached skill level 2 in Fighting
  1825 | D:3      | Noticed Ijyb
  1853 | D:3      | Killed Ijyb
  2571 | D:4      | Noticed Natasha
  2572 | D:4      | Killed Natasha
  2573 | D:4      | Reached XP level 6. HP: 36/36 MP: 8/10
  2593 | D:4      | Found Alushrui's Antique Weapon Shoppe.
  2612 | D:4      | Bought an encrusted hand axe for 176 gold pieces
  2612 | D:4      | Identified the +9 hand axe of Domination {protect, Int+4}
                  | (You bought it in a shop on level 4 of the Dungeon)
  2632 | D:4      | Noticed Natasha
  2638 | D:4      | Killed Natasha
  2639 | D:4      | Reached skill level 5 in Earth Magic
  2690 | D:4      | Found a runed translucent door.
  2691 | D:4      | Noticed Lemonizer's ghost (weakling HuNe)
  2755 | D:4      | Found a runed translucent door.
  2769 | D:4      | Noticed Blork the orc
  2779 | D:4      | Killed Blork the orc
  2780 | D:4      | Reached skill level 3 in Fighting
  2936 | D:4      | Reached XP level 7. HP: 10/41 MP: 12/12
  2946 | D:4      | Noticed Natasha
  2951 | D:4      | Killed Natasha
  3111 | D:4      | You fall into a shaft and drop 1 floor!
  3111 | D:5      | Entered Level 5 of the Dungeon
  3784 | D:5      | Found a glowing golden altar of the Shining One.
  3871 | D:5      | Reached skill level 4 in Fighting
  4096 | D:5      | Reached XP level 8. HP: 48/48 MP: 12/14
  4269 | D:6      | Learned a level 3 spell: Stone Arrow
  4273 | D:6      | Learned a level 3 spell: Passwall
  4450 | D:6      | Found a staircase to the Ecumenical Temple.
  4456 | Temple   | Entered the Ecumenical Temple
  5002 | D:6      | Reached skill level 5 in Fighting
  5228 | D:6      | Found an iron altar of Okawaru.
  5238 | D:6      | Found a radiant altar of Vehumet.
  5239 | D:6      | Found a snail-covered altar of Cheibriados.
  5239 | D:6      | Found a stormy altar of Qazlal.
  5242 | D:6      | Became a worshipper of Vehumet
  5244 | D:6      | Found a shimmering blue altar of Sif Muna.
  5245 | D:6      | Found an opulent altar of Gozag.
  5246 | D:6      | Found a hide-covered altar of Uskayaw.
  5247 | D:6      | Found a hazy altar of Hepliaklqana.
  5248 | D:6      | Found a burning altar of Makhleb.
  5278 | D:6      | Reached skill level 5 in Armour
  5455 | D:7      | Reached skill level 5 in Spellcasting
  5636 | D:7      | Reached XP level 9. HP: 55/55 MP: 17/17
  5834 | D:7      | Reached skill level 6 in Fighting
  5845 | D:7      | Reached * piety under Vehumet
  5845 | D:7      | Offered knowledge of Shock by Vehumet.
  6215 | D:7      | Found a runed translucent door.
  6216 | D:7      | Noticed Crazy Yiuf
  6484 | D:7      | Killed Crazy Yiuf
  6916 | D:8      | Noticed a hornet
  6925 | D:8      | Killed a hornet
  7138 | D:8      | Noticed a gargoyle
  7171 | D:8      | Reached skill level 7 in Fighting
  7355 | D:8      | Found Wituahuq's Antique Armour Emporium.
  7705 | D:8      | Killed a gargoyle
  7706 | D:8      | Reached XP level 10. HP: 45/63 MP: 12/20
  7961 | D:8      | Found the +5 robe of Misfortune {Harm *Corrode *Slow EV+5}
  8654 | D:9      | Offered knowledge of Kiss of Death by Vehumet.
  8655 | D:9      | Reached skill level 8 in Fighting
  8760 | D:9      | Reached ** piety under Vehumet
  9271 | D:9      | Found a bloodstained altar of Trog.
  9277 | D:9      | Reached skill level 9 in Fighting
  9343 | D:9      | Reached skill level 10 in Earth Magic
  9716 | D:9      | Reached XP level 11. HP: 72/72 MP: 9/22
  9888 | D:9      | Found a staircase to the Lair.
  9984 | D:9      | Reached skill level 10 in Fighting
 10088 | D:9      | Offered knowledge of Volatile Blastmotes by Vehumet.
 10229 | D:10     | Entered Level 10 of the Dungeon
 10457 | D:10     | Found a portal to a secret trove of treasure.
 10502 | D:10     | Found a staircase to the Orcish Mines.
 10564 | D:10     | Reached *** piety under Vehumet
 11900 | Lair:1   | Entered Level 1 of the Lair of Beasts
 11979 | Lair:1   | Reached skill level 11 in Fighting
 12003 | Lair:1   | Offered knowledge of Dazzling Flash by Vehumet.
 12747 | Lair:1   | Reached skill level 10 in Armour
 12786 | Lair:1   | Reached skill level 12 in Fighting
 13037 | Lair:1   | Reached XP level 12. HP: 81/81 MP: 10/25
 13983 | Lair:2   | Found a broken altar of Ashenzari.
 14012 | Lair:2   | Reached **** piety under Vehumet
 14054 | Lair:2   | Found a staircase to the Snake Pit.
 14326 | Lair:2   | Offered knowledge of Fulminant Prism by Vehumet.
 14449 | Lair:2   | Found a staircase to the Shoals.
 14533 | Lair:2   | Reached skill level 13 in Fighting
 14536 | Lair:2   | Noticed a catoblepas
 14542 | Lair:2   | Noticed a skyshark
 15156 | Lair:2   | Learned a level 4 spell: Brom's Barrelling Boulder
 15161 | Lair:2   | Learned a level 4 spell: Petrify
 15597 | Lair:2   | Killed a catoblepas
 15843 | Lair:2   | Killed a skyshark
 16476 | Lair:3   | Reached skill level 14 in Fighting
 16717 | Lair:3   | Reached skill level 10 in Spellcasting
 17531 | Lair:3   | Reached XP level 13. HP: 88/91 MP: 27/27
 17603 | Lair:3   | Found the +8 whip "Snakebite" {venom, curare, rPois}
 18281 | Lair:4   | Reached skill level 15 in Fighting
 18746 | Lair:4   | Reached skill level 1 in Evocations
 19243 | Lair:4   | Found a staircase to the Slime Pits.
 19554 | Lair:5   | Entered Level 5 of the Lair of Beasts
 19780 | Lair:5   | Reached ***** piety under Vehumet
 20108 | Lair:4   | Reached skill level 16 in Fighting
 20958 | Lair:5   | Offered knowledge of Plasma Beam by Vehumet.
 22132 | Lair:5   | Gained mutation: Your large and strong wings let you fly.
                  | [Gargoyle growth]
 22132 | Lair:5   | Reached XP level 14. HP: 98/100 MP: 20/29
 22253 | Lair:5   | Reached skill level 17 in Fighting
 22407 | Lair:5   | Reached skill level 5 in Evocations
 24108 | Lair:5   | Identified the +1 ring mail of Otseycui {Harm rF+}
 26753 | D:11     | Found a sacrificial altar of Ru.
 27379 | D:12     | Reached skill level 1 in Axes
 28872 | D:12     | Reached skill level 18 in Fighting
 30077 | D:12     | Offered knowledge of Lee's Rapid Deconstruction by Vehumet.
 30154 | D:13     | Identified the ring "Fusy" {Fly rC++ Int-3}
 30182 | D:13     | Reached XP level 15. HP: 60/108 MP: 16/31
 34049 | D:14     | Reached skill level 5 in Axes
 34074 | D:14     | Found a gate to the Vaults.
 34423 | D:15     | Entered Level 15 of the Dungeon
 36389 | D:15     | Identified the +0 scale mail of Golaemi {Fly rF+ Dex+3}
 36713 | D:15     | Found a staircase to the Depths.
 37535 | Orc:1    | Entered Level 1 of the Orcish Mines
 38539 | Orc:1    | Found Nuvatsott's Firing Range.
 38715 | Orc:2    | Entered Level 2 of the Orcish Mines
 38734 | Orc:1    | Reached skill level 5 in Conjurations
 39015 | Orc:2    | Found a staircase to the Elven Halls.
 39177 | Orc:2    | Learned a level 5 spell: Lee's Rapid Deconstruction
 39204 | Orc:2    | Reached XP level 16. HP: 114/114 MP: 25/33
 39258 | Orc:2    | Found a radiant altar of Vehumet.
 39284 | Orc:2    | Paralysed by something for 5 turns
 39544 | Orc:2    | Found Ommacheva's Antique Weapon Boutique.
 39566 | Orc:2    | Found an ancient bone altar of Kikubaaqudgha.
 39653 | Orc:2    | Found Pituek's Distillery.
 40163 | Orc:2    | Found Zyiraz's Magic Scroll Shop.
 40222 | Orc:2    | Found Fuam's Jewellery Shop.
 40238 | Orc:2    | Bought a scroll of fear for 68 gold pieces
 40238 | Orc:2    | Bought a scroll of blinking for 127 gold pieces
 40256 | Orc:2    | Bought a potion of heal wounds for 60 gold pieces
 40256 | Orc:2    | Bought a potion of magic for 96 gold pieces
 40828 | Orc:2    | Offered knowledge of Iskenderun's Battlesphere by Vehumet.
 40916 | Elf:1    | Entered Level 1 of the Elven Halls
 40995 | Elf:1    | Identified the +7 rapier "Dokerras" {flame, ^Contam Will++
                  | rCorr Str+3}
 41221 | Elf:1    | Found Ohiute's Magic Scroll Shop.
 41229 | Elf:1    | Bought a scroll of blinking for 120 gold pieces
 41229 | Elf:1    | Bought a scroll of blinking for 120 gold pieces
 41438 | Elf:1    | Noticed an Executioner
 41519 | Elf:1    | Got Mofageir's Compendium of the Legion
 41729 | Elf:1    | Paralysed by an air elemental for 1 turns
 41733 | Elf:1    | Paralysed by an air elemental for 1 turns
 42184 | Elf:1    | Reached skill level 10 in Evocations
 42430 | Elf:1    | Bought a scroll of identify for 32 gold pieces
 42430 | Elf:1    | Bought a scroll of identify for 32 gold pieces
 42532 | Elf:1    | Bought a scroll of identify for 32 gold pieces
 42532 | Elf:1    | Bought a scroll of identify for 32 gold pieces
 42532 | Elf:1    | Bought a scroll of identify for 32 gold pieces
 42675 | Elf:2    | Found a crumbling gateway.
 42852 | Elf:2    | Noticed Louise
 43058 | Abyss:3  | Cast into level 3 of the Abyss (Louise)
 43231 | Abyss:3  | Found a corrupted altar of Lugonu.
 43234 | Abyss:3  | Found a corrupted altar of Lugonu.
 43234 | Abyss:3  | Noticed a tentacled starspawn
 43234 | Abyss:3  | Found a corrupted altar of Lugonu.
 43327 | Abyss:4  | Found a corrupted altar of Lugonu.
 43372 | Abyss:4  | Noticed a bone dragon
 43376 | Abyss:4  | Noticed a tentacled starspawn
 43385 | Abyss:4  | HP: 3/114 [thrashing horror (5)]
 43398 | Abyss:4  | HP: 4/114 [smoke demon/divine providence (15)]
 43400 | Abyss:4  | Slain by a thrashing horror

Illustrated notes

Levels and vault maps discovered:
D:1:      dpeg_chamrin_arrival_tetris, layout_loops_ring,
          shapermc_ecumenical_altar_mp_urbaneastern, reono_crystal_passage,
          serial_bayou_pond_c
D:2:      layout_rooms
D:3:      kennysheep_the_goblin_king, layout_basic, due_unseen_surprise,
          uniq_terence
D:4:      layout_cave_pools, ebering_ghost_sewer_f, nicolae_stop_n_shop_1,
          uniq_blork_the_orc, uniq_natasha
D:5:      layout_cave_pools, mainiacjoe_overflow_small_starburst
D:6:      layout_loops_ring, minitemple, minmay_temple_entry_fiery,
          hangedman_decor_clover_reticule, minivault_26, dk_noncrumbling_2,
          minmay_misc_feat_iff
D:7:      layout_loops_ring, uniq_crazy_yiuf_cottage
D:8:      layout_loops_corners, serial_shops, shop, minmay_manual_macuahuitl
D:9:      layout_basic, trog_butcher_becter, erik_lair_island,
          small_chamber_with_monster
D:10:     layout_stronghold, kennysheep_orc_monster_closet_entryway,
          enter_trove_6, minmay_crystal_room
D:11:     layout_irregular_city, nicolae_ru_the_path_less_chosen
D:12:     layout_rooms, serial_undead, serial_undead_a, serial_undead_f,
          serial_undead_b, serial_undead_a, lemuel_old_faithful
D:13:     layout_basic, st_stairs_5
D:14:     layout_loops_ring, erik_vaults_1, nicolae_wwwww, hellmonk_talismancer
D:15:     hangedman_depths_entry_try_elsewhere_first, layout_basic,
          corexii_corridor_pit
Temple:   chequers_temple_sunken
Lair:1:   layout_loops_ring, grunt_forest_small_clearing_treed,
          grunt_megastairs_5
Lair:2:   layout_regular_city, elwin_shoals_entry_rooms,
          guppyfry_snake_entry_island, basic_altar
Lair:3:   minmay_guarded_unrand_snakebite, layout_regular_city,
          serial_bayou_crossing
Lair:4:   layout_roguey, dpeg_slime_entry_enclosed, serial_bayou_shore_a
Lair:5:   minmay_lair_end_frog_pond, layout_hall_layers, minmay_lair_drake_nest,
          serial_bayou_shore_b
Orc:1:    layout_caves, serial_shops, shop, regret_index_minedec_devilstone,
          nicolae_shop_firing_range, uniq_erica
Orc:2:    kennysheep_orc_mage_school, layout_caves
Elf:1:    layout_gridlike, serial_shops, nicolae_shop_tiny_glass,
          minmay_elf_demonology
Elf:2:    nicolae_elf_blades_crystal_corner, layout_gridlike,
          portal_desolation_entry_nicolae_slug, ebering_ghost_inner_flame,
          uniq_agnes, uniq_louise
Abyss:4:  base: Crypt:1, base: D:13, hangedman_decor_lopped,
          gammafunk_abyss_rune_reverse_zot, gammafunk_abyss_rune_reverse_zot,
          abyss_greek_temple

Skill      XL: |  1  2  3  4  5  6  7  8  9 10 11 12 13 14 15 16 |
---------------+-------------------------------------------------+-----
Earth Magic    | 4 5 6 7 9 10 11 13 | 13.6
Fighting       | 1 2 3 4 5 7 9 12 14 16 18 | 18.0
Armour         | 1 2 3 4 5 7 8 10 11 12 | 12.0
Spellcasting   | 3 4 5 6 7 9 10 11 12 13 14 | 14.2
Evocations     | 4 7 9 10 | 10.0
Axes           | 2 6 7 |  7.3
Conjurations   | 5 7 |  7.0
Dodging        | |  1.8
Stealth        | |  2.6

Action                     |  1- 3 |  4- 6 |  7- 9 | 10-12 | 13-15 | 16-18 || total
---------------------------+-------+-------+-------+-------+-------+-------++-------
  Melee: Mace              |    96 |       |       |       |       |       ||    96
         Dagger            |    18 |   134 |       |       |       |       ||   152
         Unarmed           |       |    11 |       |       |       |       ||    11
         Hand axe          |       |    45 |   230 |   338 |   312 |    65 ||   990
         Punch             |       |     1 |     2 |     5 |     7 |     4 ||    19
         Whip              |       |       |       |       |    46 |    86 ||   132
   Cast: Sandblast         |     8 |     5 |    21 |     2 |     7 |       ||    43
         Stone Arrow       |       |       |    40 |   275 |   797 |   164 ||  1276
         Brom's Barrelling |       |       |       |       |    14 |     9 ||    23
    Use: Scroll            |       |       |       |     7 |     9 |    10 ||    26
         Potion            |       |       |       |     1 |     2 |     8 ||    11
   Stab: Sleeping          |     2 |     4 |     3 |       |     1 |       ||    10
         Confused          |       |     1 |       |       |       |       ||     1
         Petrified         |       |       |       |     2 |       |       ||     2
 Armour: Robe              |    94 |   107 |   108 |       |       |       ||   309
         Skin              |       |     1 |       |       |       |       ||     1
         Leather armour    |       |       |   125 |    88 |       |       ||   213
         Troll leather arm |       |       |       |   363 |   867 |   431 ||  1661
  Dodge: Dodged            |   101 |   116 |   165 |   444 |   764 |   380 ||  1970
